 Dungeon Crawl Stone Soup version 0.29-a0-234-g0dae59b3db (webtiles) character file.

Game seed: 2049277344517179252

186 HotDog the Poker (level 5, 0/42 HPs)
             Began as a Merfolk Fighter on Mar 3, 2022.
             Succumbed to a water moccasin's poison
             ... on level 3 of the Dungeon.
             The game lasted 00:04:49 (3748 turns).

HotDog the Poker (Merfolk Fighter)                  Turns: 3748, Time: 00:04:50

Health: 0/42       AC:  9    Str: 18    XL:     5   Next: 66%
Magic:  6/6        EV:  9    Int:  8    God:
Gold:   103        SH:  5    Dex: 13    Spells: 4/4 levels left

rFire   . . .      SeeInvis .   a - +0 trident
rCold   . . .      Faith    .   c - +1 buckler
rNeg    . . .      Spirit   .   b - +0 scale mail
rPois   .          Reflect  .   (no helmet)
rElec   .          Harm     .   (no cloak)
rCorr   .          Rampage  .   j - +2 pair of gloves
Will    .....                   (no boots)
Stlth   +.........              (no amulet)
HPRegen 0.14/turn               (no ring)
MPRegen 0.10/turn               (no ring)

@: lethally poisoned (0 -> -25)
A: (nimble swimmer 2), mertail
a: no special abilities


You were on level 3 of the Dungeon.
You visited 1 branch of the dungeon, and saw 4 of its levels.

You collected 103 gold pieces.

Inventory:

Hand Weapons
 a - a +0 trident (weapon)
Armour
 b - a +0 scale mail (worn)
 c - a +1 buckler (worn)
 j - a +2 pair of gloves (worn)
 l - a +0 chain mail
Jewellery
 r - a ring of protection from cold
Wands
 n - a wand of flame (17)
Scrolls
 k - a scroll of holy word {unknown}
 q - a scroll of fear {unknown}
 s - a scroll of enchant armour
 u - a scroll of summoning {unknown}
 v - a scroll of identify {unknown}
Potions
 d - a potion of might
 e - a potion of flight {unknown}
 f - a potion of berserk rage {unknown}
 g - 3 potions of curing {unknown}
 h - a potion of invisibility {unknown}
 i - a potion of mutation {unknown}
 m - 3 potions of brilliance {unknown}
 o - a potion of resistance {unknown}
 p - a potion of attraction {unknown}
 t - a potion of cancellation {unknown}


   Skills:
 * Level 3.9 Fighting
 * Level 5.0 Polearms
 + Level 2.4 Armour
 * Level 1.8 Dodging
 * Level 2.1 Stealth
 + Level 3.1 Shields
 * Level 1.8 Invocations


You had 4 spell levels left.
You didn't know any spells.
Your spell library contained the following spells:

 Spells                   Type           Power      Damage    Failure   Level
 Gell's Gravitas          Tloc           0%         N/A       99%         3
 Teleport Other           Tloc           0%         N/A       99%         3
 Dispersal                Tloc           0%         N/A       100%        6


Dungeon Overview and Level Annotations

Branches:
Dungeon (4/15)
 Temple: D:4-7

Altars:

Shops:
D:4 *


Innate Abilities, Weirdness & Mutations

((You are very nimble when in or above water. (Stealth+, EV+, Speed+++)))
Your lower body shifts to a powerful aquatic tail in water.


Message History

The water moccasin bites you but does no damage.
You barely miss the water moccasin.
The water moccasin is lightly wounded.
You feel sick. The adder bites you. The water moccasin bites you.
The water moccasin bites you but does no damage.
The adder closely misses you.
You hit the water moccasin.
The water moccasin is moderately wounded.
You feel sick. The water moccasin bites you. The adder barely misses you.
You hit the water moccasin.
The water moccasin is moderately wounded.
You feel sick. You block the water moccasin's attack.
The adder bites you but does no damage. The water moccasin barely misses you.
You feel sick.
You are no longer poisoned.
The water moccasin completely misses you.
The water moccasin bites you.
There is an escape hatch in the ceiling here.
The water moccasin bites you. The adder bites you.
You are poisoned.
The adder poisons you! A mysterious force pulls you upwards.
The hatch slams shut behind you.
You feel sick.
You miss the adder.
The adder is lightly wounded.
You feel sick. The water moccasin misses you. The adder bites you.
* * * LOW HITPOINT WARNING * * *
The water moccasin barely misses you.
You feel sick.
You are no longer poisoned.
The adder barely misses you. The adder bites you.
* * * LOW HITPOINT WARNING * * *
You are poisoned.
The adder poisons you!
* * * LOW HITPOINT WARNING * * *
You feel sick. The water moccasin bites you.
* * * LOW HITPOINT WARNING * * *
You are more poisoned.
The water moccasin poisons you! The water moccasin barely misses you.
You die...

#####.#.#.......##...##.##.......
........#.......##...##..'.......
#####.###########....#####.......
......##### #....# #.......
###.#.##≈≈## #....# ###'#'#.
#.#.###≈≈## ###....# #.#.#.
##'#...##≈≈###...S..# #.#.##
#......#≈≈≈##....S..# #.#.#
##......##≈≈≈#..@#...# #.#.#
.........≈≈≈≈≈.......# #.#.#
##......≈.≈≈≈≈≈≈....########.#.##
#........≈P≈≈≈..≈...............
#........P≈≈P≈≈≈........######..
#.........≈≈≈≈≈≈≈.≈≈.≈≈....##...
##.......#...≈≈≈≈≈≈≈≈≈≈P≈.≈.....)
.+...........≈PP)≈≈≈≈≈≈≈≈P≈.≈≈≈)≈
..............≈..))≈≈≈≈≈≈≈≈≈≈≈≈≈)


You could see a water moccasin and an adder.

Vanquished Creatures
  Jessica (D:2)
  An orc wizard (D:3)
  2 adders
  A white imp (D:3)
  4 worms
  2 dart slugs
  10 orcs (D:3)
  6 ball pythons
  6 endoplasms
  3 giant cockroaches
  4 goblins
  9 hobgoblins
  4 jackals
  5 quokkas
  7 bats
  3 frilled lizards
  8 kobolds
  2 rats
78 creatures vanquished.

Vanquished Creatures (others)
  6 plants (D:3)
6 creatures vanquished.

Grand Total: 84 creatures vanquished

Notes
Turn   | Place    | Note
-------+----------+-------------------------------------------
     0 | D:1      | HotDog the Merfolk Fighter began the quest for the Orb.
     0 | D:1      | Reached XP level 1. HP: 18/18 MP: 1/1
   342 | D:1      | Reached XP level 2. HP: 24/24 MP: 2/2
   465 | D:1      | Reached skill level 3 in Polearms
   660 | D:1      | Reached XP level 3. HP: 20/29 MP: 3/3
   662 | D:1      | Reached skill level 1 in Invocations
   815 | D:1      | Reached skill level 1 in Stealth
  1388 | D:1      | Reached skill level 1 in Dodging
  2109 | D:2      | Reached XP level 4. HP: 36/36 MP: 4/4
  2178 | D:2      | Reached skill level 4 in Polearms
  2278 | D:2      | Noticed Jessica
  2289 | D:2      | Killed Jessica
  2684 | D:3      | Reached XP level 5. HP: 40/42 MP: 6/6
  3350 | D:3      | Reached skill level 5 in Polearms
  3725 | D:4      | Found Tanlop's Serpentskin Sales.
  3725 | D:4      | Noticed a water moccasin
  3748 | D:3      | Succumbed to a water moccasin's poison

Illustrated notes

Levels and vault maps discovered:
D:1:      arrival_zaba_pyramid, layout_basic, nicolae_wormholes
D:2:      layout_basic, uniq_jessica
D:3:      layout_basic, chequers_big_river, minmay_distorted
D:4:      layout_loops_ring, slow_altar_2, gammafunk_temple_overflow_statue,
          guppyfry_shop_venom

Skill      XL: |  1  2  3  4  5 |
---------------+----------------+-----
Polearms       | 3 4 5 |  5.0
Invocations    | 1 |  1.8
Stealth        | 1 2 |  2.1
Dodging        | 1 |  1.8
Fighting       | |  3.9
Armour         | |  2.4
Shields        | |  3.1

Action                   |  1- 3 |  4- 6 || total
-------------------------+-------+-------++-------
Melee: Trident           |   146 |   149 ||   295
       Tailslap          |       |     6 ||     6
  Use: Scroll            |     1 |       ||     1
Armor: Scale mail        |    57 |    74 ||   131
Dodge: Dodged            |    48 |    59 ||   107
Block: Buckler           |    28 |    28 ||    56

Table legend: (Time is in decaauts)
 A = Elapsed time spent in this place.
 B = Non-inter-level travel time spent in this place.
 C = Inter-level travel time spent in this place.
 D = Time resting spent in this place.
 E = Time spent auto-exploring this place.
 F = Levels seen in this place.
 G = Mean time per level.
                   A        B        C        D        E       F      G
               +--------+--------+--------+--------+--------+-----+--------+
         Total |   3753 |   3657 |     96 |      0 |   3012 |   4 |  938.2 |
       Dungeon |   3753 |   3657 |     96 |      0 |   3012 |   4 |  938.2 |
               +--------+--------+--------+--------+--------+-----+--------+

Top non-repeatable levels by time:
     D:1: 1584 daAuts
     D:3: 1159 daAuts
     D:2: 934 daAuts
     D:4: 75 daAuts
